 Dungeon Crawl Stone Soup version 0.28-a0-1395-g4f6bc678fa (console) character file.

Game seed: 17631315278841817238

37 petzl the Vexing (level 3, -2/26 HPs)
             Began as a Formicid Arcane Marksman on Jan 4, 2022.
             Slain by Natasha (7 damage)
             ... on level 2 of the Dungeon.
             The game lasted 00:04:01 (1765 turns).

petzl the Vexing (Formicid Arcane Marksman)         Turns: 1765, Time: 00:04:02

Health: -2/26      AC:  4    Str: 14    XL:     3   Next: 60%
Magic:  3/4        EV: 12    Int: 14    God:
Gold:   43         SH:  0    Dex: 11    Spells: 3/4 levels left

rFire   . . .      SeeInvis +   a - +0 rapier
rCold   . . .      Faith    .   (no shield)
rNeg    . . .      Spirit   .   d - +0 robe
rPois   .          Reflect  .   (helmet unavailable)
rElec   .          Harm     .   m - +0 cloak
rCorr   .          Rampage  .   (no gloves)
Will    .....                   k - +0 pair of boots
Stlth   +.........              (no amulet)
HPRegen 0.08/turn               (no ring)
MPRegen 0.09/turn               (no ring)

@: no status effects
A: permanent stasis, dig shafts and tunnels, antennae 3, four strong arms
a: Dig, Shaft Self


You were on level 2 of the Dungeon.
You visited 1 branch of the dungeon, and saw 2 of its levels.

You collected 83 gold pieces.
You spent 40 gold pieces at shops.

Inventory:

Hand Weapons
 a - a +0 rapier (weapon)
 b - a +0 hand crossbow
Missiles
 c - 9 bolts
 f - 7 poisoned darts (quivered)
Armour
 d - a +0 robe (worn)
 k - a +0 pair of boots (worn)
 m - a +0 cloak (worn)
Scrolls
 e - a scroll of enchant armour {unknown}
 h - 5 scrolls of identify
 j - a scroll of magic mapping {unknown}
 l - a scroll of fear {unknown}
Potions
 g - a potion of invisibility {unknown}
 i - a potion of curing {unknown}


   Skills:
 + Level 1.4 Fighting
 + Level 0.1 Short Blades
 + Level 2.8 Crossbows
 * Level 1.4 Armour
 + Level 2.1 Dodging
 + Level 1.1 Spellcasting
 - Level 3.6 Hexes


You had 3 spell levels left.
You knew the following spells:

 Your Spells              Type           Power      Damage    Failure   Level
a - Slow                  Hex            40%        N/A       6%          1

Your spell library contained the following spells:

 Spells                   Type           Power      Damage    Failure   Level
 Animate Skeleton         Necr           0%         N/A       26%         1
 Pain                     Necr           0%         1d4       26%         1
 Inner Flame              Hex/Fire       5%         N/A       36%         3
 Portal Projectile        Hex/Tloc       10%        N/A       36%         3
 Vampiric Draining        Necr           0%         2d6       61%         3
 Cause Fear               Hex            5%         N/A       52%         4


Dungeon Overview and Level Annotations

Branches:
Dungeon (2/15)

Altars:

Shops:
D:2 ?

Annotations:
D:2 Natasha


Innate Abilities, Weirdness & Mutations

You cannot be hasted, slowed, berserked, paralysed or teleported.
You can dig through walls and to a lower floor.
You have a pair of large antennae on your head. (SInv)
Your four strong arms can wield two-handed weapons with a shield.


Message History

Confirm with . or Enter, or press ? or * to list all spells.
Aiming: Slow (safe; 6% risk of failure)
Press: ? - help, Shift-Dir - straight line, f/p - Natasha
Aim: Natasha (moderately wounded, chance to affect: 49%) Natasha seems to slow down.
Natasha mumbles some strange words.
You feel troubled. Natasha barely misses you.
You barely miss Natasha.
Natasha is moderately wounded.
Natasha howls an incantation.
Natasha shimmers violently.
Natasha claws you!
* * * LOW HITPOINT WARNING * * *
You hit Natasha.
Natasha is moderately wounded.
Natasha claws you but does no damage.
Unknown command.
Unknown command.
Unknown command.
Unknown command.
Press: ? - help, v - describe, . - travel
Here: Natasha (moderately wounded, slow)
The floor.
Unknown command.
Unknown command.
Unknown command.
You hit Natasha.
Natasha is heavily wounded.
You closely miss Natasha.
Natasha is heavily wounded.
Natasha closely misses you.
You barely miss Natasha.
Natasha is heavily wounded.
Natasha growls.
Natasha closely misses you.
You closely miss Natasha.
Natasha is heavily wounded.
Natasha claws you!
You die...

........... ..#
#..)..... #######....#
### #.).##### #.#..#
#######...##...
#.#..###..............
...#.......)..........
### ####..............
#######)..##...
#.....#... #.........
#.....#.##
##########...##.##
#............##.#
#.##.#.##.#.###.. ### +
#.##.#.##.#.# ### #...#
#.##..†.....# ##.#.
#.##.#.#..### ..(
#.##......# #h#
#......#.## #@#
####.#.#... #.#
##.##.#.# .##
##.####.######.#.#.#..
.#
..........#...###..###.
# .#.####.#.#.##.#.###
.. #...#.###<## ..
####'.# #.# #### #.#
#.# #.# #.. ###


You could see Natasha (slow).

Vanquished Creatures
  5 bats (D:1)
  3 endoplasms
  3 goblins
  4 jackals (D:1)
  4 quokkas
  5 ball pythons
  A frilled lizard (D:1)
  5 kobolds
  3 rats
33 creatures vanquished.

Notes
Turn   | Place    | Note
-------+----------+-------------------------------------------
     0 | D:1      | petzl the Formicid Arcane Marksman began the quest for the
                  | Orb.
     0 | D:1      | Reached XP level 1. HP: 15/15 MP: 2/2
   100 | D:1      | Found a faded altar of an unknown god.
   106 | D:1      | Reached XP level 2. HP: 11/21 MP: 3/3
   428 | D:1      | Reached skill level 1 in Armour
   716 | D:1      | Reached XP level 3. HP: 26/26 MP: 4/4
  1254 | D:2      | Found Qepnyuz's Magic Scroll Shoppe.
  1375 | D:2      | Bought a scroll of identify for 20 gold pieces
  1384 | D:2      | Bought a scroll of identify for 20 gold pieces
  1750 | D:2      | Noticed Natasha
  1765 | D:2      | Slain by Natasha

Illustrated notes

Levels and vault maps discovered:
D:1:      onia_arrival_pentagram, layout_loops_corners,
          shapermc_ecumenical_altar_mp_ritualfount
D:2:      layout_loops_cross, serial_shops, nicolae_square_shop,
          roderic_st_hans_cross, minmay_misc_feat_square, uniq_natasha

Skill      XL: |  1  2 |
---------------+-------+-----
Dodging        | 2 |  2.1
Armour         | 1 |  1.4
Fighting       | |  1.4
Short Blades   | |  0.1
Crossbows      | |  2.8
Spellcasting   | |  1.1
Hexes          | |  3.6

Action                   || total
-------------------------++-------
Melee: Rapier            ||    24
       Short sword       ||    21
 Fire: Hand crossbow     ||    52
Throw: Dart              ||     2
 Cast: Slow              ||     1
  Use: Scroll            ||     1
Armor: Robe              ||    14
Dodge: Dodged            ||    51

Table legend: (Time is in decaauts)
 A = Elapsed time spent in this place.
 B = Non-inter-level travel time spent in this place.
 C = Inter-level travel time spent in this place.
 D = Time resting spent in this place.
 E = Time spent auto-exploring this place.
 F = Levels seen in this place.
 G = Mean time per level.
                   A        B        C        D        E       F      G
               +--------+--------+--------+--------+--------+-----+--------+
         Total |   1790 |   1718 |     72 |    436 |    981 |   2 |  895.0 |
       Dungeon |   1790 |   1718 |     72 |    436 |    981 |   2 |  895.0 |
               +--------+--------+--------+--------+--------+-----+--------+

Top non-repeatable levels by time:
     D:1: 1258 daAuts
     D:2: 532 daAuts
